 Dungeon Crawl Stone Soup version 0.29.1-1-gd02db6906a (webtiles) character file.

Game seed: 4255817226432382798

3291 Godmorgon the Cleaver (level 10, -7/90 HPs)
             Began as a Hill Orc Monk on Sept 23, 2022.
             Was an Elder of Beogh.
             Mangled by a vampire
             ... wielding a +2 vampiric bardiche
              (18 damage)
             ... in a bailey on Sept 24, 2022.
             The game lasted 00:56:49 (9664 turns).

Godmorgon the Cleaver (Hill Orc Monk)               Turns: 9664, Time: 00:56:49

Health: -7/90      AC: 12    Str: 19    XL:     10   Next: 1%
Magic:  14/14      EV:  6    Int: 13    God:    Beogh [****..]
Gold:   392        SH: 11    Dex: 19    Spells: 9/9 levels left

rFire   . . .      SeeInvis .   a - +2 mace (drain)
rCold   . . .      Faith    .   F - +0 kite shield
rNeg    . . .      Spirit   .   v - +0 chain mail
rPois   .          Reflect  .   u - +2 helmet {Int+3}
rElec   .          Harm     .   d - +0 cloak
rCorr   +          Rampage  .   (no gloves)
Will    .....                   (no boots)
Stlth   ..........              (no amulet)
HPRegen 0.25/turn               J - +6 ring of dexterity
MPRegen 0.14/turn               K - ring of resist corrosion

@: mighty, silenced, hasted, very quick
A: no striking features
a: Renounce Religion


You were in a bailey.
You worshipped Beogh.
Beogh was greatly pleased with you.
You visited 1 branch of the dungeon, and saw 8 of its levels.
You also visited: Bailey.

You collected 392 gold pieces.

Inventory:

Hand Weapons
 a - a +2 mace of draining (weapon)
 b - a +0 sling
 p - a +0 hand axe
 R - a +0 spear
 S - a +0 spear
 T - a +0 halberd
 U - a +0 trident
 V - a +0 trident
 W - a +0 halberd
 X - a +0 halberd
 Y - a +0 trident
 Z - a +0 halberd
Missiles
 e - 10 stones (quivered)
 B - 2 poisoned darts
 M - a throwing net
Armour
 d - a +0 cloak (worn)
 o - a +1 ring mail of willpower
 u - a +2 helmet of intelligence (worn)
 v - a +0 chain mail (worn)
 F - a +0 kite shield (worn)
Jewellery
 J - a +6 ring of dexterity (left hand)
 K - a ring of resist corrosion (right hand)
Wands
 r - a wand of polymorph (16)
 C - a wand of roots (5)
 I - a wand of light (15)
Scrolls
 g - a scroll of poison {unknown}
 i - a scroll of torment {unknown}
 k - a scroll of fear {unknown}
 m - 2 scrolls of silence
 q - a scroll of enchant weapon {unknown}
 t - a scroll of fog {unknown}
 y - 5 scrolls of immolation
 z - a scroll of vulnerability {unknown}
 D - 2 scrolls of magic mapping {unknown}
 G - 2 scrolls of noise {unknown}
 N - a scroll of brand weapon {unknown}
 O - a scroll of amnesia {unknown}
 P - a scroll of teleportation {unknown}
Potions
 c - 2 potions of ambrosia
 f - 2 potions of flight
 h - 2 potions of haste
 j - 2 potions of resistance
 l - 2 potions of magic {unknown}
 n - a potion of might
 s - a potion of mutation {unknown}
 w - a potion of lignification {unknown}
 x - a potion of attraction {unknown}
 E - 2 potions of invisibility {unknown}
 H - a potion of cancellation {unknown}
 L - a potion of degeneration {unknown}
 Q - a potion of heal wounds {unknown}


   Skills:
 + Level 8.7 Fighting
 * Level 12.7 Axes
 - Level 2.4 Dodging
 - Level 1.5 Stealth
 * Level 6.6 Shields
 * Level 5.7 Invocations


You had 9 spell levels left.
You didn't know any spells.
Your spell library was empty.

Dungeon Overview and Level Annotations

Branches:
Dungeon (8/15)             Temple (0/1) D:4          Bailey (1/1)
   Lair: D:8-11

Altars:
Gozag
Nemelex Xobeh
Ru
Wu Jian
Xom
Yredelemnul

Shops:
D:5 [

Annotations:
D:7 1 runed translucent door, LustLizard's ghost, novice SpAM


Message History

You sock the vampire!
The vampire is moderately damaged.
You feel very mighty all of a sudden. You block the vampire's attack.
The vampire completely misses you.
You hit the vampire but do no damage.
The vampire is moderately damaged.
You block the vampire's attack. x2
You hit the vampire.
The vampire is moderately damaged.
The vampire hits you with a +2 vampiric bardiche!!
You block the vampire's attack.
You completely miss the vampire.
The vampire is moderately damaged.
You closely miss the vampire.
The vampire is moderately damaged.
The vampire gestures at you while chanting.
You are confused.
You feel better.
The vampire hits you with a +2 vampiric bardiche!
The vampire draws strength from your wounds!
The vampire bites you but does no damage.
You hit the vampire but do no damage.
The vampire hits you with a +2 vampiric bardiche!
* * * LOW HITPOINT WARNING * * *
The vampire barely misses you.
As you read the scroll of silence, it crumbles to dust.
A profound silence engulfs you.
You sock the vampire!
The vampire is moderately damaged.
The vampire barely misses you.
The vampire bites you but does no damage.
You hit the vampire.
The vampire is heavily damaged.
The vampire barely misses you. The vampire bites you.
* * * LOW HITPOINT WARNING * * *
The vampire draws strength from your injuries!
You closely miss the vampire.
The vampire is moderately damaged.
The vampire hits you with a +2 vampiric bardiche!!
You die...

#...#..♣........#..).#...
#...#...........#..#'##'#
#####...........#..#....#
#....♣...#...####)...#
#.......####....'....#
#8.....##..##...'....#
#########....#...#....#
#8.........).....#....#
#....V@...#......#'####
###''##...##.....#))#
#....##...#######..#
#......##.......8#..#
#...##...#8......8#.[#
#..# #..############# #..
..# #.. .8#


You could see a vampire.

Vanquished Creatures
  A gargoyle (Bailey)
  Grinder (D:6)
  Eustachio (D:6)
  Duvessa (D:5)
  An ice beast (D:5)
  2 ogres
  An orc warrior (D:6)
  A bullfrog (D:6)
  A scorpion (D:6)
  A gnoll sergeant (D:5)
  Dowan (D:5)
  A wight (D:7)
  A howler monkey (D:7)
  8 vampire bats (Bailey)
  9 wolf zombies (Bailey)
  5 orc priests
  Crazy Yiuf (D:7)
  A jelly (D:5)
  Natasha (thrice) (D:2)
  5 orc wizards
  Robin (D:3)
  4 gnolls
  2 adders
  A shadow imp (D:6)
  A white imp (D:3)
  A worm (D:3)
  4 dart slugs
  12 orcs
  3 bats (D:2)
  7 endoplasms
  A giant cockroach (D:3)
  14 goblins
  11 hobgoblins
  2 kobolds
  3 quokkas
  7 ball pythons
  2 frilled lizards
  17 orc zombies (Bailey)
  5 rats
144 creatures vanquished.

Vanquished Creatures (collateral kills)
  A hornet (D:7)
  An orc warrior (D:7)
  A sky beast (D:6)
  A black bear (D:6)
  A phantom (D:6)
  A necrophage (D:7)
  A scorpion (D:6)
  7 wights (D:7)
  2 hounds
  A gnoll bouda (D:7)
  An iguana (D:7)
  3 gnolls (D:7)
  2 adders (D:6)
  A shadow imp (D:7)
  5 orcs
29 creatures vanquished.

Vanquished Creatures (others)
  2 orc priests (D:3)
  11 orcs
  A kobold (D:3)
  4 plants
18 creatures vanquished.

Grand Total: 191 creatures vanquished

Notes
Turn   | Place    | Note
-------+----------+-------------------------------------------
     0 | D:1      | Godmorgon the Hill Orc Monk began the quest for the Orb.
     0 | D:1      | Reached XP level 1. HP: 19/19 MP: 1/1
   273 | D:1      | Reached XP level 2. HP: 20/27 MP: 2/2
  1159 | D:2      | Reached skill level 5 in Axes
  1159 | D:2      | Reached XP level 3. HP: 33/33 MP: 3/3
  1488 | D:2      | Noticed Natasha
  1497 | D:2      | Killed Natasha
  1498 | D:2      | Reached XP level 4. HP: 37/41 MP: 4/4
  1758 | D:2      | Noticed Natasha
  1767 | D:2      | Killed Natasha
  1768 | D:2      | Reached skill level 6 in Axes
  1925 | D:2      | Noticed Natasha
  1944 | D:2      | Killed Natasha
  1945 | D:2      | Reached XP level 5. HP: 41/47 MP: 5/5
  2086 | D:3      | Became a worshipper of Beogh the Brigand
  2086 | D:3      | Reached * piety under Beogh
  2086 | D:3      | Reached ** piety under Beogh
  2450 | D:3      | Noticed Robin
  2473 | D:3      | Killed Robin
  2486 | D:3      | Reached skill level 5 in Fighting
  2593 | D:3      | Reached skill level 7 in Axes
  3323 | D:3      | Reached XP level 6. HP: 41/53 MP: 6/6
  3842 | D:3      | Found a basalt altar of Yredelemnul.
  3906 | D:4      | Found an ornate altar of the Wu Jian Council.
  3983 | D:4      | Found a staircase to the Ecumenical Temple.
  3999 | D:4      | Found a shimmering altar of Xom.
  4066 | D:4      | Reached skill level 8 in Axes
  4540 | D:5      | Entered Level 5 of the Dungeon
  4740 | D:5      | Reached *** piety under Beogh
  4835 | D:5      | Noticed an ice beast
  4844 | D:5      | Killed an ice beast
  4845 | D:5      | Reached XP level 7. HP: 49/63 MP: 7/7
  4857 | D:5      | Reached skill level 9 in Axes
  5097 | D:5      | Noticed Dowan
  5104 | D:5      | Killed Dowan
  5122 | D:5      | Noticed Duvessa
  5127 | D:5      | Killed Duvessa
  5128 | D:5      | Reached skill level 10 in Axes
  5586 | D:5      | Found Ogriekho's Antique Armour Emporium.
  5774 | D:6      | Reached skill level 1 in Shields
  5774 | D:6      | Reached XP level 8. HP: 64/73 MP: 8/8
  5838 | D:6      | Noticed Grinder
  5853 | D:6      | Killed Grinder
  6261 | D:6      | Reached skill level 11 in Axes
  6267 | D:6      | Noticed Eustachio
  6272 | D:6      | Killed Eustachio
  6432 | D:6      | Found an opulent altar of Gozag.
  6517 | D:7      | Reached skill level 1 in Invocations
  6517 | D:7      | Reached XP level 9. HP: 24/81 MP: 8/10
  6678 | D:7      | Reached **** piety under Beogh
  6702 | D:7      | Reached skill level 5 in Shields
  6905 | D:7      | Identified the +7 rapier of Qazlal's Inspiration {flame,
                  | Int+6}
  7042 | D:7      | Noticed a hornet
  7047 | D:7      | Killed a hornet
  7219 | D:7      | Found a sacrificial altar of Ru.
  7364 | D:7      | Found a runed translucent door.
  7364 | D:7      | Noticed LustLizard's ghost (novice SpAM)
  7364 | D:7      | Noticed a kobold demonologist
  7457 | D:7      | Found a sparkling altar of Nemelex Xobeh.
  7486 | D:7      | Reached skill level 12 in Axes
  7519 | D:7      | Found a runed translucent door.
  7520 | D:7      | Noticed Crazy Yiuf
  7528 | D:7      | Killed Crazy Yiuf
  7950 | D:8      | Found a flagged portal.
  8013 | Bailey   | Entered a bailey
  8953 | Bailey   | Noticed a gargoyle
  8971 | Bailey   | Killed a gargoyle
  8972 | Bailey   | Reached skill level 5 in Invocations
  9450 | Bailey   | Reached XP level 10. HP: 66/90 MP: 14/14
  9664 | Bailey   | Mangled by a vampire

Illustrated notes

Levels and vault maps discovered:
D:1:      lemuel_arrival_tunnels, layout_loops_corners
D:2:      layout_loops_ring, serial_bayou, serial_bayou_pond_a,
          serial_bayou_shore_b, serial_bayou_shore_a, serial_bayou_lake_a,
          uniq_natasha
D:3:      layout_basic, lemuel_coloured_pillars_altar, minmay_misc_feat_square,
          corexii_item_surrounded_by_moat, uniq_robin
D:4:      layout_cave_pools, lemuel_crystal_altar, amcnicky_altar_gilded,
          minmay_temple_entry_slanted, chequers_big_river
D:5:      layout_basic, serial_shops, kennysheep_mini_moat,
          eino_small_chamber_without_monster, chequers_jeans, uniq_duvessa
D:6:      layout_gridville, lemuel_doored_altar, uniq_grinder, uniq_eustachio
D:7:      layout_cave_pools, mainiacjoe_overflow_paths,
          nicolae_overflow_crystal_walls, ebering_ghost_inner_flame,
          uniq_crazy_yiuf_cottage
D:8:      hellmonk_crumbling_castle, layout_loops_corners, enter_bailey_4,
          supply_closet_lemuel, kennysheep_path_1, minmay_nine_imps
Bailey:   bailey_polearm_vampire_castle_hellmonk, bailey

Skill      XL: |  1  2  3  4  5  6  7  8  9 |
---------------+----------------------------+-----
Fighting       | 4 5 6 7 8 |  8.7
Axes           | 5 6 7 8 10 11 12 | 12.7
Shields        | 1 4 6 |  6.6
Invocations    | 1 5 |  5.7
Dodging        | |  2.4
Stealth        | |  1.5

Action                   |  1- 3 |  4- 6 |  7- 9 | 10-12 || total
-------------------------+-------+-------+-------+-------++-------
Melee: Hand axe          |    33 |       |       |       ||    33
       Mace              |    27 |   135 |   334 |    25 ||   521
       Punch             |     1 |     1 |     1 |       ||     3
 Fire: Sling             |       |    17 |     4 |       ||    21
Throw: Stone             |       |     2 |     8 |       ||    10
Invok: Convert to Beogh  |       |     1 |       |       ||     1
       Smiting           |       |       |     2 |       ||     2
       Recall Orcish Fol |       |       |     2 |       ||     2
       Stop Recall       |       |       |     1 |       ||     1
Evoke: Wand              |       |       |     1 |       ||     1
  Use: Scroll            |       |     5 |     1 |     1 ||     7
       Potion            |       |       |     5 |     4 ||     9
 Stab: Sleeping          |     2 |     1 |     1 |       ||     4
       Distracted        |       |       |     1 |       ||     1
       Invisible         |       |       |     2 |       ||     2
Armor: Robe              |     3 |       |       |       ||     3
       Ring mail         |    10 |    51 |    51 |       ||   112
       Chain mail        |       |       |    96 |     6 ||   102
Dodge: Dodged            |    32 |    88 |    95 |     9 ||   224
Block: Kite shield       |       |       |   173 |    15 ||   188
